IL
COLUMBUS CLIPPERS @ DURHAM BULLS
07/10/2045
 
TOP OF THE 1ST
Columbus Clippers batting - Pitching for Durham Bulls : RHP Chet Tague
Pitching: RHP Chet Tague
Batting: RHB Tommy Baird 0-0: Ball
1-0: Swinging Strike
1-1: Ball
2-1: Foul Ball, location: 2F
2-2: Foul Ball, location: 2F
2-2: Strikes out swinging
Batting: RHB Carlos Lopez 0-0: Foul Ball, location: 2F
0-1: Ball
1-1: Ball
2-1: Swinging Strike
2-2: Strikes out swinging
Batting: LHB Norihide Takata 0-0: Ball
1-0: Ball
2-0: Ball
3-0: Called Strike
3-1: Called Strike
3-2: Foul Ball, location: 2F
3-2: Base on Balls
Batting: RHB Jordan Diaz 0-0: Ball
Norihide Takata steals 2nd base (no throw)
1-0: Ball
Wild Pitch!
Norihide Takata to third
2-0: Ball
3-0: Called Strike
3-1: Foul Ball, location: 2F
3-2: Foul Ball, location: 2F
3-2: Strikes out swinging
Top of the 1st over - 0 runs, 0 hits, 0 errors, 1 left on base; Columbus 0 - Durham 0
BOTTOM OF THE 1ST
Durham Bulls batting - Pitching for Columbus Clippers : LHP John Roe
Pitching: LHP John Roe
Batting: RHB Jesse Basich 0-0: Foul Ball, location: 2F
0-1: Called Strike
0-2: Ball
1-2: Ground out 6-3 (Groundball, 56D, EV 83.8 MPH)
Batting: LHB Davion Lewis 0-0: Foul Ball, location: 2F
0-1: Swinging Strike
0-2: Foul Ball, location: 2F
0-2: Ball
1-2: Foul Ball, location: 2F
1-2: Fly out, F3 (Line Drive, 3, EV 65.6 MPH)
Batting: RHB Steve French 0-0: Fly out, F7 (Flyball, 78D, EV 98.1 MPH)
Bottom of the 1st over - 0 runs, 0 hits, 0 errors, 0 left on base; Columbus 0 - Durham 0
TOP OF THE 2ND
Columbus Clippers batting - Pitching for Durham Bulls : RHP Chet Tague
Batting: SHB Mike Gross 0-0: Fly out, F8 (Flyball, 78XD, EV 105.0 MPH)
Batting: SHB Joe Zeiset 0-0: Ball
1-0: Swinging Strike
1-1: Foul Ball, location: 2F
1-2: Strikes out swinging
Batting: LHB Doug Frampton 0-0: Called Strike
0-1: Ball
1-1: Swinging Strike
1-2: Ball
2-2: Strikes out looking
Top of the 2nd over - 0 runs, 0 hits, 0 errors, 0 left on base; Columbus 0 - Durham 0
BOTTOM OF THE 2ND
Durham Bulls batting - Pitching for Columbus Clippers : LHP John Roe
Batting: SHB Willie Koviak 0-0: Ball
1-0: Fly out, F7 (Flyball, 8LS, EV 86.2 MPH)
Batting: RHB Jeff Brower 0-0: Called Strike
0-1: Ground out 4-3 (Groundball, 4, EV 83.8 MPH)
Batting: RHB Danny Diaz 0-0: SOLO HOME RUN (Flyball, 7LD, EV 95.6 MPH), Distance : 348 ft
Batting: LHB David Seminario 0-0: Fly out, F7 (Line Drive, 7, EV 87.5 MPH)
Bottom of the 2nd over - 1 run, 1 hit, 0 errors, 0 left on base; Columbus 0 - Durham 1
TOP OF THE 3RD
Columbus Clippers batting - Pitching for Durham Bulls : RHP Chet Tague
Batting: LHB Jeremy DiGenova 0-0: Ball
1-0: Called Strike
1-1: Ball
2-1: Swinging Strike
2-2: Strikes out swinging
Batting: RHB Chris Diaz 0-0: Ball
1-0: Ball
2-0: Foul Ball, location: 2F
2-1: Swinging Strike
2-2: Ball
3-2: Fly out, F7 (Line Drive, 7, EV 95.6 MPH)
Batting: RHB Tommy Baird 0-0: Ball
1-0: Foul Ball, location: 2F
1-1: Swinging Strike
1-2: Foul Ball, location: 2F
1-2: Strikes out swinging
Top of the 3rd over - 0 runs, 0 hits, 0 errors, 0 left on base; Columbus 0 - Durham 1
BOTTOM OF THE 3RD
Durham Bulls batting - Pitching for Columbus Clippers : LHP John Roe
Batting: LHB Angel Ruvalcaba 0-0: Called Strike
0-1: Ball
1-1: Foul Ball, location: 2F
1-2: Ball
2-2: Ground out 5-3 (Groundball, 56, EV 102.5 MPH)
Batting: LHB Danny Hull 0-0: Ball
1-0: Fly out, F8 (Flyball, 8LM, EV 79.4 MPH)
Batting: RHB Jesse Basich 0-0: Ball
1-0: Ball
2-0: Swinging Strike
2-1: Ball
3-1: Base on Balls
Batting: LHB Davion Lewis 0-0: Called Strike
0-1: Called Strike
0-2: Fielders Choice at 2nd, 5-4 (Groundball, 56, EV 83.1 MPH)
Bottom of the 3rd over - 0 runs, 0 hits, 0 errors, 1 left on base; Columbus 0 - Durham 1
TOP OF THE 4TH
Columbus Clippers batting - Pitching for Durham Bulls : RHP Chet Tague
Batting: RHB Carlos Lopez 0-0: Foul Ball, location: 2F
0-1: Foul Ball, location: 2F
0-2: Ball
1-2: Strikes out looking
Batting: LHB Norihide Takata 0-0: Called Strike
0-1: Swinging Strike
0-2: Ball
1-2: Ball
2-2: Ball
3-2: Foul Ball, location: 2F
3-2: Strikes out swinging
Batting: RHB Jordan Diaz 0-0: Called Strike
0-1: Called Strike
0-2: Foul Ball, location: 2F
0-2: Strikes out looking
Top of the 4th over - 0 runs, 0 hits, 0 errors, 0 left on base; Columbus 0 - Durham 1
BOTTOM OF THE 4TH
Durham Bulls batting - Pitching for Columbus Clippers : LHP John Roe
Batting: RHB Steve French 0-0: Called Strike
0-1: Ball
1-1: Ball
2-1: Ball
3-1: Foul Ball, location: 2F
3-2: Ground out 6-3 (Groundball, 6, EV 85.6 MPH)
Batting: SHB Willie Koviak 0-0: Ball
1-0: Fly out, F8 (Flyball, 8LXD, EV 92.5 MPH)
Batting: RHB Jeff Brower 0-0: Foul Ball, location: 2F
0-1: Ball
1-1: Fly out, F4 (Popup, 4S, EV 76.2 MPH)
Bottom of the 4th over - 0 runs, 0 hits, 0 errors, 0 left on base; Columbus 0 - Durham 1
TOP OF THE 5TH
Columbus Clippers batting - Pitching for Durham Bulls : RHP Chet Tague
Batting: SHB Mike Gross 0-0: Called Strike
0-1: Swinging Strike
0-2: Ball
1-2: Strikes out swinging
Batting: SHB Joe Zeiset 0-0: SINGLE (Groundball, 6MD, EV 110.0 MPH)
Batting: LHB Doug Frampton 0-0: Called Strike
0-1: Swinging Strike
0-2: Ball
1-2: Ball
2-2: Fielders Choice at 2nd, 3-6 (Groundball, 34S, EV 86.2 MPH)
Batting: LHB Jeremy DiGenova 0-0: Ball
1-0: Ball
2-0: Called Strike
2-1: Ground out U3 (Groundball, 3, EV 86.2 MPH)
Top of the 5th over - 0 runs, 1 hit, 0 errors, 1 left on base; Columbus 0 - Durham 1
BOTTOM OF THE 5TH
Durham Bulls batting - Pitching for Columbus Clippers : LHP John Roe
Batting: RHB Danny Diaz 0-0: Ground out 2-3 (Groundball, 2L, EV 74.4 MPH)
Batting: LHB David Seminario 0-0: Fly out, F9 (Line Drive, 9, EV 90.0 MPH)
Batting: LHB Angel Ruvalcaba 0-0: Foul Ball, location: 2F
0-1: Ball
1-1: Ground out 4-3 (Groundball, 4S, EV 91.9 MPH)
Bottom of the 5th over - 0 runs, 0 hits, 0 errors, 0 left on base; Columbus 0 - Durham 1
TOP OF THE 6TH
Columbus Clippers batting - Pitching for Durham Bulls : RHP Chet Tague
Pitching: RHP Don Henley
Batting: RHB Chris Diaz 0-0: SINGLE (Line Drive, 9S, EV 93.8 MPH)
Batting: RHB Tommy Baird 0-0: Called Strike
0-1: Ball
1-1: Ball
2-1: Foul Ball, location: 2F
2-2: Foul Ball, location: 2F
2-2: Foul Ball, location: 2F
2-2: Strikes out swinging
Batting: RHB Carlos Lopez 0-0: Fly out, F7 (Flyball, 7LD, EV 98.1 MPH)
Batting: LHB Norihide Takata 0-0: Ball
Chris Diaz steals 2nd base
1-0: Foul Ball, location: 2F
1-1: Ball
2-1: Swinging Strike
2-2: Strikes out swinging
Top of the 6th over - 0 runs, 1 hit, 0 errors, 1 left on base; Columbus 0 - Durham 1
BOTTOM OF THE 6TH
Durham Bulls batting - Pitching for Columbus Clippers : LHP John Roe
Batting: LHB Danny Hull 0-0: Ground out 4-3 (Groundball, 4, EV 83.1 MPH)
Batting: RHB Jesse Basich 0-0: Ball
1-0: Foul Ball, location: 2F
1-1: Ball
2-1: Called Strike
2-2: DOUBLE (Line Drive, 5D, EV 101.9 MPH)
Batting: LHB Davion Lewis 0-0: Called Strike
0-1: Ball
1-1: Ball
2-1: Foul Ball, location: 2F
2-2: Strikes out swinging
Batting: RHB Steve French 0-0: Called Strike
0-1: Ball
1-1: Ball
2-1: Ball
3-1: Ground out 5-3 (Groundball, 56S, EV 80.0 MPH)
Bottom of the 6th over - 0 runs, 1 hit, 0 errors, 1 left on base; Columbus 0 - Durham 1
TOP OF THE 7TH
Columbus Clippers batting - Pitching for Durham Bulls : RHP Don Henley
Batting: RHB Jordan Diaz 0-0: Called Strike
0-1: Ball
1-1: Ball
2-1: Foul Ball, location: 2F
2-2: Ground out 5-3 (Groundball, 56, EV 89.4 MPH)
Batting: SHB Mike Gross 0-0: Foul Ball, location: 2F
0-1: Ball
1-1: Ball
2-1: Swinging Strike
2-2: Strikes out swinging
Batting: SHB Joe Zeiset 0-0: Called Strike
0-1: Called Strike
0-2: Ball
1-2: Fly out, F7 (Flyball, 78M, EV 89.4 MPH)
Top of the 7th over - 0 runs, 0 hits, 0 errors, 0 left on base; Columbus 0 - Durham 1
BOTTOM OF THE 7TH
Durham Bulls batting - Pitching for Columbus Clippers : LHP John Roe
Batting: SHB Willie Koviak 0-0: Foul Ball, location: 2F
0-1: Ball
1-1: SINGLE (Line Drive, 8LS, EV 100.6 MPH)
Batting: RHB Jeff Brower 0-0: Ball
1-0: Swinging Strike
1-1: Ball
2-1: Ball
3-1: Base on Balls
Willie Koviak to second
Batting: RHB Danny Diaz 0-0: Ball
1-0: Ball
2-0: Ball
3-0: Base on Balls
Willie Koviak to third
Jeff Brower to second
Batting: LHB David Seminario 0-0: Called Strike
0-1: SINGLE (Groundball, 4, EV 104.4 MPH) (infield hit)
Willie Koviak scores
Jeff Brower to third
Danny Diaz to second
Batting: LHB Angel Ruvalcaba 0-0: Swinging Strike
0-1: SINGLE (Line Drive, 4D, EV 96.9 MPH)
Jeff Brower scores
Danny Diaz to third
David Seminario to second
Pitching: LHP Eric Larsen
Batting: LHB Danny Hull 0-0: Ball
1-0: Foul Ball, location: 2F
1-1: Fly out, F7 (Flyball, 78S, EV 87.5 MPH)
Runner from 3rd tags up, SCORES, throw by LF
Batting: RHB Jesse Basich 0-0: Called Strike
0-1: Foul Ball, location: 2F
0-2: Ball
1-2: Foul Ball, location: 2F
1-2: Ball
2-2: Ball
3-2: Base on Balls
David Seminario to third
Angel Ruvalcaba to second
Batting: LHB Davion Lewis 0-0: Ball
1-0: Foul Ball, location: 2F
1-1: Ball
2-1: Called Strike
2-2: Ball
3-2: Base on Balls
David Seminario scores
Angel Ruvalcaba to third
Jesse Basich to second
Batting: RHB Steve French 0-0: Called Strike
0-1: DOUBLE (Line Drive, 9LM, EV 105.6 MPH)
Angel Ruvalcaba scores
Jesse Basich scores
Davion Lewis to third
Batting: SHB Willie Koviak 0-0: SINGLE (Groundball, 15S, EV 63.8 MPH) (infield hit)
Batting: RHB Jeff Brower 0-0: Called Strike
0-1: Ball
1-1: Ball
2-1: Foul Ball, location: 2F
2-2: Ball
3-2: Strikes out swinging
Pinch Hitting: SHB Jose Vargas 0-0: Called Strike
0-1: Foul Ball, location: 2F
0-2: Ball
1-2: Foul Ball, location: 2F
1-2: Strikes out swinging
Bottom of the 7th over - 6 runs, 5 hits, 0 errors, 3 left on base; Columbus 0 - Durham 7
TOP OF THE 8TH
Columbus Clippers batting - Pitching for Durham Bulls : RHP Don Henley
Now at 2B: Jesse Basich
Now at 3B: Jose Vargas
Pinch Hitting: RHB Michael Meyers 0-0: Called Strike
0-1: Ground out 6-3 (Groundball, 6, EV 81.9 MPH)
Batting: LHB Jeremy DiGenova 0-0: Ball
1-0: Called Strike
1-1: Swinging Strike
1-2: Ball
2-2: Ball
3-2: Strikes out looking and he physically ARGUES THE CALL AND IS TOSSED!
Batting: RHB Chris Diaz 0-0: Ball
1-0: Called Strike
1-1: Ground out 4-3 (Groundball, 4, EV 106.9 MPH)
Top of the 8th over - 0 runs, 0 hits, 0 errors, 0 left on base; Columbus 0 - Durham 7
BOTTOM OF THE 8TH
Durham Bulls batting - Pitching for Columbus Clippers : LHP Eric Larsen
Pitching: RHP Corey Rizzuto
Now at C: Edwin Rivera
Now in RF: Bobby Upton
Pinch Hitting: LHB Isaac Bamberg 0-0: Called Strike
0-1: Foul Ball, location: 2F
0-2: Strikes out swinging
Batting: LHB Angel Ruvalcaba 0-0: Ball
1-0: Called Strike
1-1: Swinging Strike
1-2: Foul Ball, location: 2F
1-2: Foul Ball, location: 2F
1-2: Ball
2-2: Strikes out swinging
Batting: LHB Danny Hull 0-0: Called Strike
0-1: Foul Ball, location: 2F
0-2: DOUBLE (Line Drive, 8RXD, EV 98.8 MPH)
Batting: RHB Jesse Basich 0-0: Ball
1-0: Foul Ball, location: 2F
1-1: Foul Ball, location: 2F
1-2: Foul Ball, location: 2F
1-2: Ball
2-2: Fly out, F5 (Line Drive, 5, EV 69.4 MPH)
Bottom of the 8th over - 0 runs, 1 hit, 0 errors, 1 left on base; Columbus 0 - Durham 7
TOP OF THE 9TH
Columbus Clippers batting - Pitching for Durham Bulls : RHP Don Henley
Now in RF: Jesse Haddad
Batting: RHB Tommy Baird 0-0: Ground out 6-3 (Groundball, 6, EV 100.0 MPH)
Batting: RHB Carlos Lopez 0-0: Ball
1-0: Called Strike
1-1: Swinging Strike
1-2: Strikes out looking
Batting: LHB Norihide Takata 0-0: Ball
1-0: Called Strike
1-1: Ball
2-1: Ball
3-1: Swinging Strike
3-2: Base on Balls
Batting: RHB Jordan Diaz 0-0: Ball
1-0: Ball
2-0: Ball
3-0: Called Strike
3-1: Fly out, F7 (Line Drive, 7, EV 93.8 MPH)
Top of the 9th over - 0 runs, 0 hits, 0 errors, 1 left on base; Columbus 0 - Durham 7
Wednesday, June 22nd , 2022 - OOTP Baseball 23.4 Build 64